[Event "Masterklassen 2025"]
[Site "Uppsala, Sweden"]
[Date "2025.06.29"]
[Round "2.8"]
[White "Eklund, Joel"]
[Black "Karde, Douglas"]
[Result "0-1"]
[TimeControl "90 min for 40 move + 30 min with an increment of 30 sec starting move 1"]
[WhiteFideId "1705288"]
[BlackFideId "1761498"]
[WhiteElo "2194"]
[BlackElo "2064"]

1. c4 Nf6 2. Nc3 d5 3. cxd5 Nxd5 4. g3 g6 5. Bg2 Nxc3 6. dxc3 Qxd1+ 7. Kxd1 Bg7 8. h4 O-O 9. h5 a5 10.
a4 Nd7 11. Nf3 Nc5 12. Be3 Rd8+ 13. Ke1 Ne4 14. Nd4 Nd6 15. Nb5 Ne8 16. Rd1 Rxd1+ 17. Kxd1 c6 18. Nd4 Nd6 19. Nb3 Bf5 20.
Bc5 Be4 21. f3 Bd5 22. Kc2 b6 23. Bf2 c5 24.
Nd2 Bc6 25. b3 c4 26. e4 cxb3+ 27. Kxb3 b5 28. Bd4 bxa4+ 29. Kc2 Rb8 30. hxg6 hxg6 31. Ra1 g5 32. g4 Bxd4 33. cxd4 Rb4 34.
d5 Bb5 35. Bf1 Bxf1 36. Rxf1 a3 37.
Ra1 Nb5 38. Kd3 a4 39. Kc2 Rb2+ 40. Kd3 a2 41. Kc4 Kg7 42. Kc5 Na3 43. Nc4 Rc2 44. Kb4 Nxc4 0-1

[Event "Masterklassen 2025"]
[Site "Uppsala, Sweden"]
[Date "2025.06.29"]
[Round "2.9"]
[White "Walinder, Lars"]
[Black "Soppela, Toni"]
[Result "1-0"]
[TimeControl "90 min for 40 move + 30 min with an increment of 30 sec starting move 1"]
[WhiteTitle "FM"]
[WhiteFideId "1707329"]
[BlackFideId "1766163"]
[WhiteElo "2181"]
[BlackElo "2090"]

1. c4 g6 2. e4 c5 3. Nf3 Nc6 4. d4 cxd4 5. Nxd4 Nf6 6. Nc3 Nxd4 7. Qxd4 d6 8. f3 Bg7 9. Be3 O-O 10.
Qd2 Be6 11. Rc1 Qa5 12. b3 Rfc8 13. Be2 a6 14. Na4 Qxd2+ 15. Kxd2 Nd7 16. g4 f5 17. exf5 gxf5 18. h3 Rf8 19.
f4 Nf6 20. Rhg1 Ne4+ 21. Ke1 Kh8 22. Bd3 Rad8 23. Ke2 Bd7 24. Bxe4 fxe4 25. Nc3 Bc6 26. Bb6 Rde8 27. Ke3 Bxc3 28.
Rxc3 Kg8 29. Rc2 Kf7 30. Rf2 e6 31. Rd1 d5 32. Bc5 Rg8 33. f5 dxc4 34. fxe6+ Kg6 35. e7 cxb3 36. Rd6+ Kg5 37.
Rf5+ Kh4 38. Rh6+ Kg3 39. Bd6 Kg2 40. Rf2+ Kg1 41. Bh2+ 1-0

[Event "Masterklassen 2025"]
[Site "Uppsala, Sweden"]
[Date "2025.06.29"]
[Round "2.10"]
[White "Jaderberg, Bjorn"]
[Black "Muntean, Victor"]
[Result "0-1"]
[TimeControl "90 min for 40 move + 30 min with an increment of 30 sec starting move 1"]
[WhiteFideId "1712403"]
[BlackFideId "1054414"]
[WhiteElo "2112"]
[BlackElo "2140"]

1. d4 Nf6 2. Nc3 d5 3. Bf4 a6 4. e3 h6 5. Bd3 e6 6. h3 c5 7. Nf3 Nc6 8. O-O c4 9. Be2 b5 10.
a3 b4 11. axb4 Bxb4 12. Nb5 O-O 13. Ra2 Ne4 14. Na3 Qb6 15. Nb1 a5 16. c3 Bd6 17. Nbd2 Bxf4 18. exf4 f5 19. Ne5 Nxe5 20.
fxe5 Bd7 21. Kh2 Be8 22. Nxe4 fxe4 23. Qd2 Bg6 24. h4 Rab8 25. Kg1 Qd8 26. g3 Rb5 27. Bg4 Bf5 28. Qe2 Qb6 29.
Bxf5 Rxf5 30. Kg2 Rf3 31. Qc2 Rb3 32. Re1 Rd3 33. Re3 a4 34. Qe2 a3 35. Rxd3 cxd3 36. Qh5 Qb8 37. bxa3 Rxc3 38.
Qg4 Qe8 39. Rb2 Qf7 40. Kh3 Rc2 41. Rb8+ Kh7 0-1

[Event "Masterklassen 2025"]
[Site "Uppsala, Sweden"]
[Date "2025.06.29"]
[Round "2.11"]
[White "Hagevi, Vidar"]
[Black "Darnell, Anton"]
[Result "1-0"]
[TimeControl "90 min for 40 move + 30 min with an increment of 30 sec starting move 1"]
[WhiteFideId "1767526"]
[BlackFideId "1720244"]
[WhiteElo "2139"]
[BlackElo "2007"]

1. d4 d5 2. Nf3 Nf6 3. c4 e6 4. g3 c6 5. Bg2 Nbd7 6. O-O Bd6 7. Qc2 O-O 8. Rd1 Ne4 9. b3 Qe7 10.
Bb2 f5 11. e3 Ndf6 12. Nc3 Ng4 13. Rf1 Bd7 14. Ne2 Be8 15. Ne5 g5 16. Nxg4 fxg4 17. Nc3 Nxc3 18. Qxc3 Bg6 19. e4 dxe4 20. c5 Bc7 21. Rae1 Rf3 22. Bxf3 gxf3 23. d5 exd5 24.
Qh8+ Kf7 25. Qxa8 Qd7 26. Kh1 Bxg3 27. fxg3 Qh3 28. Rxf3+ 1-0

[Event "Masterklassen 2025"]
[Site "Uppsala, Sweden"]
[Date "2025.06.29"]
[Round "2.12"]
[White "Ask, Josef"]
[Black "Granath, Jonas"]
[Result "0-1"]
[TimeControl "90 min for 40 move + 30 min with an increment of 30 sec starting move 1"]
[WhiteTitle "FM"]
[WhiteFideId "1704583"]
[BlackFideId "1761013"]
[WhiteElo "2121"]
[BlackElo "2008"]

1. e4 e5 2. d4 exd4 3. Bb5 a6 4. Ba4 Nf6 5. Nf3 Be7 6. Nxd4 O-O 7. e5 Ne4 8. Nf5 d6 9. Nxe7+ Qxe7 10. O-O Qxe5 11. c3 Nc5 12.
Re1 Qf6 13. Bc2 Bf5 14. b4 Bxc2 15. Qxc2 Ne6 16. f4 g6 17. c4 Nc6 18. Bb2 Qxf4 19. Re4 Qf5 20. Nd2 Ncd4 21. Qd3 c5 22.
Rf1 Qh5 23. g4 Qh6 24. Bc1 Rae8 25. Nb3 Qg7 26. Kh1 f5 27. gxf5 Rxf5 28. Rxf5 gxf5 29. Re1 Kf7 30. Rg1 Qe5 31.
Rf1 Rg8 32. Nxd4 Nxd4 33. Bb2 Ke6 34. bxc5 dxc5 35. Bc3 Qe4+ 36. Qxe4+ fxe4 37. Re1 Kf5 38. Rf1+ Nf3 39. Ba5 Kf4 40. Bb6 Rg5 41. Bc7+ Ke3 42.
Rb1 Kd4 43. Bg3 Rg7 44. Rc1 e3 45. Kg2 Ne5 46. Kf1 Nxc4 47. Ke2 Re7 48. Rf1 b5 49. Bh4 Re6 50. Bf6+ Ke4 51. Bh4 Nd2 52.
Rf7 c4 53. Bg5 Kd4 54. Bf6+ Kd5 55. Bg5 Ne4 56. Bxe3 Nc3+ 57. Kf3 Nxa2 58. Rd7+ Kc6 59. Ra7 Nb4 60. Bd2 Kc5 61. Rxh7 Nd5 62.
h4 c3 63. Bg5 b4 64. Rh8 b3 65. Rb8 b2 66. h5 Rb6 67. Rc8+ Kd4 68. Rd8 b1=Q 69. Be3+ Kc4 70. Rc8+ Kd3 71.
Bxb6 Qxb6 0-1

[Event "Masterklassen 2025"]
[Site "Uppsala, Sweden"]
[Date "2025.06.29"]
[Round "2.13"]
[White "Tornberg, Carlos"]
[Black "Willstedt, Lukas"]
[Result "1-0"]
[TimeControl "90 min for 40 move + 30 min with an increment of 30 sec starting move 1"]
[WhiteFideId "1733478"]
[BlackFideId "1751913"]
[WhiteElo "2233"]
[BlackElo "2055"]

1. e4 e6 2. d4 d5 3. Nc3 Nf6 4. e5 Nfd7 5. Nce2 c5 6. c3 Nc6 7. Nf3 a5 8. Nf4 h6 9. h4 a4 10.
Bd3 Qb6 11. Bc2 cxd4 12. cxd4 Bb4+ 13. Kf1 Qa6+ 14. Kg1 Nb6 15. Rh3 Bd7 16. Nh5 g6 17. Nf6+ Kd8 18. Ng4 Bf8 19. Bf4 Nb4 20.
Ne1 Rc8 21. Rc3 Rxc3 22. bxc3 Nxc2 23. Nxc2 Qc4 24. Qd2 h5 25. Bg5+ Kc7 26. Nge3 Qb5 27. Qd1 Nc8 28. Rb1 Qa5 29.
c4 Bc6 30. cxd5 Bxd5 31. Nxd5+ Qxd5 32. Ne3 Qxa2 33. Nc4 Kb8 34. Qd3 Bh6 35. Qe4 Qxb1+ 1-0

[Event "Masterklassen 2025"]
[Site "Uppsala, Sweden"]
[Date "2025.06.29"]
[Round "2.14"]
[White "Lind, Jan-Olov"]
[Black "Mardell, Jimmy"]
[Result "1-0"]
[TimeControl "90 min for 40 move + 30 min with an increment of 30 sec starting move 1"]
[WhiteFideId "1701193"]
[BlackFideId "1705610"]
[WhiteElo "2057"]
[BlackElo "2227"]

1. e4 c5 2. Nf3 e6 3. d3 Nc6 4. g3 d6 5. Bg2 Nf6 6. O-O Be7 7. Re1 O-O 8. c3 Bd7 9. d4 cxd4 10.
cxd4 d5 11. e5 Ne4 12. Nbd2 Nxd2 13. Bxd2 Qb6 14. Bc3 a5 15. Bf1 Rfc8 16. Bd3 Qd8 17. Qb1 h6 18. Qd1 b5 19. Bb1 b4 20.
Qd3 g6 21. Bd2 Bf8 22. h4 h5 23. Bg5 Qb6 24. Rd1 Ne7 25. g4 hxg4 26. Nh2 Ba4 27. b3 Rc3 28. Qd2 Bb5 29. Nxg4 Ra7 30.
Nf6+ Kh8 31. Bh6 Qd8 32. Qg5 Ng8 33. Bxf8 Qxf8 34. Nxg8 Kxg8 35. Re1 Rac7 36. h5 Be8 37. Kg2 Qe7 38.
Qg4 Kg7 39. Rh1 Rc1 40. Bxg6 Rxa1 41. Bd3+ Kh6 42. Rxa1 Rc3 43. f4 f5 44. exf6 Qxf6 45. Re1 Bf7 46. Bg6 Rc6 47. Qg5+ Qxg5+ 48. fxg5+ Kg7 49. Bxf7 Kxf7 50. Rf1+ Kg7 51. Rf6 Rc2+ 52. Kg3 Rxa2 53. h6+ Kg8 54. g6 1-0

[Event "Masterklassen 2025"]
[Site "Uppsala, Sweden"]
[Date "2025.06.29"]
[Round "2.15"]
[White "Schriever-Abeln, Marius"]
[Black "Lundberg, David"]
[Result "0-1"]
[TimeControl "90 min for 40 move + 30 min with an increment of 30 sec starting move 1"]
[WhiteFideId "1752650"]
[BlackFideId "1707051"]
[WhiteElo "2052"]
[BlackElo "2193"]

1. Nf3 c5 2. g3 Nc6 3. Bg2 g6 4. c4 Bg7 5. O-O e5 6. Nc3 d6 7. d3 Nge7 8. a3 a5 9. Rb1 O-O 10.
e3 f5 11. Nd5 Nxd5 12. cxd5 Ne7 13. b4 cxb4 14. axb4 a4 15. Qc2 b5 16. Ba3 Bd7 17. Rbc1 Rc8 18. Qa2 Qb6 19. Bb2 Kh8 20.
Ng5 Bf6 21. h4 Kg7 22. Ne6+ Bxe6 23. dxe6 h6 24. Kh2 g5 25. h5 g4 26. Ba1 Qd8 27. Bb7 Rb8 28. Bc6 Qb6 29. Bd7 f4 30.
gxf4 exf4 31. exf4 Bd4 32. Bxd4+ Qxd4 33. Qa1 Rxf4 34. Qxd4+ Rxd4 35. Rc7 Kf6 36. f3 g3+ 37. Kxg3 Rg8+ 38.
Kf2 Rxb4 39. Rb7 Rb2+ 40. Ke3 Rg5 41. f4 Rg3+ 42. Kd4 Rb4+ 43. Kc3 Nd5+ 44. Kd2 Rg2+ 45. Kc1 Nc3 0-1

[Event "Masterklassen 2025"]
[Site "Uppsala, Sweden"]
[Date "2025.06.29"]
[Round "2.16"]
[White "Ostensson, Julia"]
[Black "Mashhadi, Peyman"]
[Result "0-1"]
[TimeControl "90 min for 40 move + 30 min with an increment of 30 sec starting move 1"]
[WhiteFideId "1747703"]
[BlackFideId "1768581"]
[WhiteElo "2005"]
[BlackElo "2132"]

1. e4 c6 2. d4 d5 3. exd5 cxd5 4. Bd3 Nf6 5. Bf4 Bg4 6. Ne2 e6 7. c3 Bd6 8. Bxd6 Qxd6 9. Qb3 O-O 10.
Qxb7 Nc6 11. Qa6 Rab8 12. b3 Qc7 13. f3 e5 14. fxg4 Nxg4 15. Bf5 Ne3 16. Qd3 exd4 17. Na3 Rfe8 18.
Nc2 g6 19. cxd4 Qa5+ 20. Kf2 Nxf5 21. Rhe1 Qb6 22. Rad1 Rbc8 23. a3 Ne5 24. Qd2 Ng4+ 25. Kg1 Qxb3 26. Nb4 Nge3 27. Rb1 Qa4 28.
Nf4 Qd7 29. Re2 Qd6 30. g3 a5 31. Nbd3 Qxa3 32. Nc5 Nc4 33. Qe1 Rxe2 34. Qxe2 Nxd4 35. Qe7 Qxc5 0-1

[Event "Masterklassen 2025"]
[Site "Uppsala, Sweden"]
[Date "2025.06.30"]
[Round "3.1"]
[White "Cederstam, Carl"]
[Black "Malm, Simon"]
[Result "1-0"]
[TimeControl "90 min for 40 move + 30 min with an increment of 30 sec starting move 1"]
[WhiteTitle "FM"]
[WhiteFideId "1713329"]
[BlackFideId "1759825"]
[WhiteElo "2316"]
[BlackElo "2007"]

1. e4 c5 2. Nf3 d6 3. d4 cxd4 4. Nxd4 Nf6 5. Nc3 Nc6 6. Bg5 e6 7. Qd2 a6 8. O-O-O Bd7 9. Kb1 Nxd4 10.
Qxd4 Bc6 11. f3 h6 12. Be3 d5 13. e5 Nd7 14. f4 Bc5 15. Qd2 Bxe3 16. Qxe3 g5 17. f5 Qc7 18. Re1 O-O-O 19. Bd3 d4 20. Qxd4 Bxg2 21. Rhg1 Nc5 22. Qg4 Bc6 23. fxe6 fxe6 24. Bc4 Kb8 25. Rgf1 b5 26. Be2 Rhf8 27.
a4 Qxe5 28. axb5 Rxf1 29. Rxf1 axb5 30. Bxb5 Ne4 31. Bxc6 Nd2+ 32. Kc1 Qa5 33. Qg3+ e5 34. Nd5 Rxd5 35. Rf8+ Rd8 36. Rxd8+ Qxd8 37.
Qxe5+ Ka7 38. Qc5+ Qb6 39. Qe7+ Ka6 40. Qa3+ Qa5 41. Qxa5+ 1-0

[Event "Masterklassen 2025"]
[Site "Uppsala, Sweden"]
[Date "2025.06.30"]
[Round "3.2"]
[White "Odell-Johansson, Leo"]
[Black "Kingsley, Elias"]
[Result "1-0"]
[TimeControl "90 min for 40 move + 30 min with an increment of 30 sec starting move 1"]
[WhiteFideId "1722727"]
[BlackFideId "1775006"]
[WhiteElo "1991"]
[BlackElo "2072"]

1. c4 Nf6 2. Nc3 e6 3. e4 d5 4. e5 d4 5. exf6 dxc3 6. bxc3 Qxf6 7. d4 h6 8. Nf3 Be7 9. Bd3 O-O 10.
Ne5 Qh4 11. h3 Bd6 12. Nf3 Qf6 13. O-O c5 14. Qe2 Nc6 15. Rd1 Rd8 16. Rb1 b6 17. Nd2 cxd4 18. Ne4 Qe7 19. Nxd6 Qxd6 20.
cxd4 Ba6 21. Bb2 Rac8 22. Qf3 Na5 23. c5 bxc5 24. dxc5 Qc6 25. Qxc6 Rxc6 26. Bh7+ Kxh7 27. Rxd8 Rxc5 28.
Rc1 Rxc1+ 29. Bxc1 Bc4 30. Rd7 Bxa2 31. Rxa7 Nb3 32. Bb2 Bb1 33. Rxf7 Kg8 34. Rxg7+ Kf8 35. Rg3 Nd2 36. Bg7+ Kf7 37.
Bxh6 Ne4 38. Rb3 Bc2 39. Rb6 Kf6 40. Be3 Ke5 41. f3 Nd6 42. Bf4+ 1-0

[Event "Masterklassen 2025"]
[Site "Uppsala, Sweden"]
[Date "2025.06.30"]
[Round "3.3"]
[White "Crevatin, Leo"]
[Black "Hagevi, Vidar"]
[Result "1/2-1/2"]
[TimeControl "90 min for 40 move + 30 min with an increment of 30 sec starting move 1"]
[WhiteTitle "FM"]
[WhiteFideId "1726307"]
[BlackFideId "1767526"]
[WhiteElo "2248"]
[BlackElo "2139"]

1. d4 Nf6 2. c4 e6 3. Nf3 d5 4. g3 Be7 5. Bg2 O-O 6. Nc3 c5 7. cxd5 Nxd5 8. O-O Nc6 9. e4 Nb6 10.
d5 exd5 11. Nxd5 Be6 12. Nxe7+ Qxe7 13. Bg5 f6 14. Bd2 Rad8 15. Qc1 Bg4 16. Re1 Bxf3 17. Bxf3 Nd7 18. Bg2 Nde5 19. Be3 Nd3 20.
Qc4+ Kh8 21. Re2 Nd4 22. Bxd4 Rxd4 23. Qc3 Rfd8 24. Re3 b5 25. b3 b4 26. Qc2 Ne5 27. Re2 Rd3 28. Qc1 Qd6 29.
h3 Qd4 30. Kh2 Rc3 31. Qf1 Qd3 32. Rae1 1/2-1/2

[Event "Masterklassen 2025"]
[Site "Uppsala, Sweden"]
[Date "2025.06.30"]
[Round "3.4"]
[White "Jonsson, Jacob"]
[Black "Walinder, Lars"]
[Result "1-0"]
[TimeControl "90 min for 40 move + 30 min with an increment of 30 sec starting move 1"]
[BlackTitle "FM"]
[WhiteFideId "1726315"]
[BlackFideId "1707329"]
[WhiteElo "2112"]
[BlackElo "2181"]

1. d4 Nf6 2. c4 e6 3. Bf4 Bb4+ 4. Nd2 c5 5. dxc5 Bxc5 6. e3 O-O 7. Be2 Be7 8. Ngf3 d6 9. h3 h6 10.
Bh2 Nbd7 11. O-O a5 12. Nd4 e5 13. Nb5 Nc5 14. Nb3 Qb6 15. Qc2 Be6 16. Rfd1 Rac8 17. Qd2 a4 18. Nxc5 Rxc5 19.
b4 axb3 20. axb3 Rd8 21. Qa5 Qxa5 22. Rxa5 Ne4 23. Ra7 Rd7 24. Bf3 Bf5 25. Ra8+ Kh7 26. Rb8 Ng5 27. Bg4 Bxg4 28. hxg4 Ne4 29.
f3 Nf6 30. e4 Rc6 31. Ra1 Bd8 32. Bg3 Bb6+ 33. Bf2 Bxf2+ 34. Kxf2 Ra6 35. Rxa6 bxa6 36. Nc3 Kg6 37. Rb6 a5 38.
Ra6 h5 39. gxh5+ Kxh5 40. Rxa5 Kg5 41. Ra6 Rd8 42. Nb5 1-0

[Event "Masterklassen 2025"]
[Site "Uppsala, Sweden"]
[Date "2025.06.30"]
[Round "3.5"]
[White "Hammarstrom, Ulf"]
[Black "Karde, Douglas"]
[Result "1/2-1/2"]
[TimeControl "90 min for 40 move + 30 min with an increment of 30 sec starting move 1"]
[WhiteFideId "1710214"]
[BlackFideId "1761498"]
[WhiteElo "2176"]
[BlackElo "2064"]

1. e4 Nc6 2. Nf3 e6 3. d4 d5 4. exd5 exd5 5. Bb5 Bd6 6. c4 Bb4+ 7. Bd2 Bxd2+ 8. Qxd2 Nge7 9. O-O O-O 10.
Bxc6 bxc6 11. c5 Ng6 12. Nc3 f6 13. Rfe1 Bg4 14. Re3 Bxf3 15. Rxf3 f5 16. Ne2 f4 17. Nxf4 Qg5 18. g3 Nxf4 19.
Rxf4 Rxf4 20. Qxf4 Qxf4 21. gxf4 Rf8 22. Re1 Rxf4 23. Re7 Rxd4 24. Rxc7 Rd2 25. Rxc6 Rxb2 26. Rd6 Rxa2 27. Rxd5 Rc2 1/2-1/2

[Event "Masterklassen 2025"]
[Site "Uppsala, Sweden"]
[Date "2025.06.30"]
[Round "3.6"]
[White "Granath, Jonas"]
[Black "Johnson, Daniel"]
[Result "1/2-1/2"]
[TimeControl "90 min for 40 move + 30 min with an increment of 30 sec starting move 1"]
[WhiteFideId "1761013"]
[BlackFideId "1721283"]
[WhiteElo "2008"]
[BlackElo "2175"]

1. e4 c5 2. c3 Nf6 3. e5 Nd5 4. d4 cxd4 5. cxd4 d6 6. Nf3 Nc6 7. Bc4 Nb6 8. Bb5 Bd7 9. Nc3 dxe5 10.
d5 Nb4 11. Nxe5 Bxb5 12. Nxb5 Rc8 13. O-O Qxd5 14. Nxa7 Ra8 15. Be3 Rxa7 16. Bxb6 Ra8 17. Qe2 f6 18. Nc4 Qd3 19. Qh5+ g6 20.
Qb5+ Nc6 21. Rad1 Qf5 22. Rd5 Qe6 23. Rdd1 Qf5 24. Rfe1 Qxb5 25. Nd6+ Kd7 26. Nxb5+ Kc8 27. Nd6+ Kb8 28.
b4 1/2-1/2

[Event "Masterklassen 2025"]
[Site "Uppsala, Sweden"]
[Date "2025.06.30"]
[Round "3.7"]
[White "Muntean, Victor"]
[Black "Nygren, David"]
[Result "1/2-1/2"]
[TimeControl "90 min for 40 move + 30 min with an increment of 30 sec starting move 1"]
[WhiteFideId "1054414"]
[BlackFideId "1704761"]
[WhiteElo "2140"]
[BlackElo "2094"]

1. e4 e6 2. Qe2 e5 3. f4 exf4 4. Nf3 d6 5. d4 Bg4 6. Qb5+ Nd7 7. Qxb7 Bxf3 8. gxf3 Rb8 9. Qxa7 Qh4+ 10.
Kd1 Qf2 11. Be2 Be7 12. Nc3 Ngf6 13. Rf1 Qxh2 14. e5 dxe5 15. dxe5 Bc5 16. Qxc7 Nh5 17. Bb5 O-O 18. Bxd7 Qg2 19.
Re1 Qxf3+ 20. Ne2 Qd5+ 21. Bd2 f3 22. Nc3 Qd4 23. e6 fxe6 24. Bxe6+ Kh8 25. Bf5 Bd6 26. Qd7 Rbd8 27. Nb5 Qb6 28.
Qa7 Qxb5 29. Bd3 Qxb2 30. Rc1 Ng3 31. Qf2 Bb4 32. Bxb4 Rxd3+ 33. cxd3 Qxf2 34. Bxf8 Qxa2 35. Rc8 Qa4+ 36.
Kc1 h5 37. Bd6+ Kh7 38. Bxg3 Qg4 39. Rf8 Qxg3 40. Rf1 f2 41. Kc2 Qc7+ 42. Kd2 Qa5+ 43. Ke2 Qa2+ 44. Ke3 Qa7+ 45. Kd2 Qa5+ 46.
Ke2 Qe5+ 47. Kxf2 h4 48. Rf3 Qh2+ 49. Ke3 h3 50. d4 Qg2 51. R1f2 Qg5+ 52. Kd3 Qg6+ 53. Ke2 Qe4+ 54. Kf1 Qb1+ 55.
Ke2 Qb5+ 56. Ke1 Qh5 57. Rf5 Qh4 58. R5f4 Qg3 59. R4f3 Qg4 60. Ke2 g5 61. d5 Qc4+ 62. Rd3 Qc2+ 63.
Ke3 Qc5+ 64. Ke2 Qc2+ 65. Ke3 Qc1+ 66. Ke2 Qb2+ 67. Ke3 Qe5+ 68. Kd2 g4 69. d6 h2 70. Rf1 Qg5+ 71. Kc2 Qc5+ 72.
Kd2 Qa5+ 73. Ke2 Qa2+ 74. Ke3 Qe6+ 75. Kd2 Qh6+ 76. Kc2 h1=Q 77. Rxh1 Qxh1 78. d7 Qh2+ 79. Kd1 Qg1+ 80. Ke2 Qg2+ 81.
Kd1 Qf1+ 82. Kd2 Qf2+ 83. Kd1 Qf1+ 84. Kd2 Qf4+ 85. Kd1 Qa4+ 86. Ke2 Qe4+ 87. Kd2 Qf4+ 88. Kd1 Qa4+ 89. Ke2 Qc2+ 90.
Ke3 Qc5+ 91. Rd4 Qg5+ 92. Ke4 Qd8 93. Kf4 g3 94. Kxg3 Kg6 95. Kf3 Kf5 96. Ke3 Ke6 97. Re4+ Kd5 98.
Rd4+ Kc5 99. Kd3 Kb5 100. Rd5+ Kc6 101. Rd4 Qxd7 102. Rxd7 Kxd7 1/2-1/2

[Event "Masterklassen 2025"]
[Site "Uppsala, Sweden"]
[Date "2025.06.30"]
[Round "3.8"]
[White "Wakeham, Daniel"]
[Black "Tornberg, Carlos"]
[Result "1-0"]
[TimeControl "90 min for 40 move + 30 min with an increment of 30 sec starting move 1"]
[WhiteFideId "1705482"]
[BlackFideId "1733478"]
[WhiteElo "2045"]
[BlackElo "2233"]

1. d4 Nf6 2. Nf3 e6 3. e3 c5 4. Bd3 b6 5. e4 cxd4 6. e5 Nd5 7. Nxd4 f5 8. Nxf5 exf5 9. Qf3 Nc7 10.
Bxf5 g6 11. e6 Qf6 12. O-O Qxf5 13. Qc3 Rg8 14. Qxc7 Nc6 15. Re1 Be7 16. Nc3 Nd4 17. exd7+ Bxd7 18. Ne4 Kf7 19. Bg5 Nb5 20.
Qc4+ Be6 21. Qe2 Bxg5 22. Nxg5+ Qxg5 23. Qxe6+ Kg7 24. Re5 Qf6 25. Qxf6+ Kxf6 26. Rxb5 Rad8 27. Rb3 Rd2 28. Rc1 Re8 29. Rf3+ Kg7 30.
Re3 Rc8 31. Rc3 Re8 32. Kf1 Ree2 33.
Rf3 a5 34. a4 g5 35. g3 g4 36. Rf4 h5 37. Kg2 Kg6 38. h3 Kg5 39. hxg4 hxg4 40. b3 Rxc2 41. Rxc2 Rxc2 42. b4 axb4 43. Rxb4 Rc6 44. Kf1 Re6 45. Kg2 Rf6 46. Rb3 Rc6 47. f4+ gxf3+ 48. Kxf3 Rf6+ 49.
Ke4 Kg4 50. Kd5 Rg6 51. Kc4 Kf5 52. Kb5 Ke5 53. Ka6 Kd5 54. Rb5+ Kc4 55. Rxb6 Rxg3 56. a5 Rg7 57. Rc6+ Kb4 58. Kb6 Rg5 59. a6 Rb5+ 60.
Kc7 1-0

[Event "Masterklassen 2025"]
[Site "Uppsala, Sweden"]
[Date "2025.06.30"]
[Round "3.9"]
[White "Lundberg, David"]
[Black "Sundin, Emanuel"]
[Result "1/2-1/2"]
[TimeControl "90 min for 40 move + 30 min with an increment of 30 sec starting move 1"]
[WhiteFideId "1707051"]
[BlackFideId "1719173"]
[WhiteElo "2193"]
[BlackElo "2117"]

1. e4 e5 2. Nf3 Nc6 3. d4 exd4 4. Nxd4 Bc5 5. Nb3 Bb6 6. Nc3 Nge7 7. Qe2 O-O 8. Be3 f5 9. O-O-O fxe4 10.
Bxb6 axb6 11. Qxe4 d6 12. h4 Bf5 13. Qc4+ Kh8 14. f4 Qc8 15. Bd3 Na5 16. Nxa5 Rxa5 17. Bxf5 Nxf5 18. Qd3 Nh6 19.
g3 Ng4 20. Qf3 b5 21. a3 Ne5 22. Qe2 b4 23. axb4 Ra1+ 24. Kd2 Rxd1+ 25. Rxd1 Nc6 26. b5 Nd4 27. Qd3 Nf5 28. Re1 c6 29.
Kc1 d5 30. Re5 Nd6 31. b3 h6 32. h5 Qd7 33. bxc6 bxc6 34. Kb2 Rb8 35. Kc1 Qa7 36. Re6 Qg1+ 37. Nd1 Qc5 38. Qc3 Qa7 39.
Rxh6+ Kg8 40. Rxd6 Qa3+ 41. Kb1 Qxd6 42. Ne3 Qf6 43. Qd3 Ra8 1/2-1/2

[Event "Masterklassen 2025"]
[Site "Uppsala, Sweden"]
[Date "2025.06.30"]
[Round "3.10"]
[White "Eriksson, Jorgen"]
[Black "Lind, Jan-Olov"]
[Result "1-0"]
[TimeControl "90 min for 40 move + 30 min with an increment of 30 sec starting move 1"]
[WhiteFideId "1701967"]
[BlackFideId "1701193"]
[WhiteElo "2160"]
[BlackElo "2057"]

1. d4 g6 2. c4 Bg7 3. Nc3 Nf6 4. e4 d6 5. f4 O-O 6. Nf3 c5 7. d5 e6 8. dxe6 Bxe6 9. Bd3 Nc6 10.
O-O Na5 11. Qe2 Re8 12. Bd2 a6 13. b3 Rb8 14. Rae1 Bd7 15. Qf2 Nc6 16. Qh4 Nd4 17. Nxd4 cxd4 18. Nd5 Nxd5 19. Qxd8 Rbxd8 20. exd5 Bf5 21. Bxf5 gxf5 22.
Rxe8+ Rxe8 23. Re1 Rxe1+ 24. Bxe1 d3 25. Bb4 h5 26. Kf1 Bf8 27. Ke1 Be7 28. Kd2 Kf8 29. Kxd3 Ke8 30. Ba5 Kd7 31.
Bb6 Bf6 32. Bd4 Bh4 33. Bb6 Bf6 34. Ke3 Bh4 35. Ke2 Bf6 36. Kf3 Bh4 37. Bd4 Kc7 38. Be3 Kd7 39. Bf2 Bf6 40. Kg3 Kc7 41.
Kh3 Kd7 42. Bh4 Bc3 43. Bg5 Be1 44. Bf6 Bf2 45. g3 Bg1 46. Kh4 Bxh2 47. Bd4 1-0

[Event "Masterklassen 2025"]
[Site "Uppsala, Sweden"]
[Date "2025.06.30"]
[Round "3.11"]
[White "Dingertz, Erik"]
[Black "Stanley, Mikael"]
[Result "1-0"]
[TimeControl "90 min for 40 move + 30 min with an increment of 30 sec starting move 1"]
[WhiteFideId "1741578"]
[BlackFideId "1703730"]
[WhiteElo "2121"]
[BlackElo "2150"]

1. d4 Nf6 2. c4 c6 3. Nf3 d5 4. g3 Bf5 5. Bg2 e6 6. O-O Bd6 7. Qb3 b6 8. Nc3 Nbd7 9. Nh4 Bg4 10.
f3 Bh5 11. e4 dxe4 12. fxe4 Ng4 13. e5 Be7 14. Nf3 c5 15. d5 Ndxe5 16. Nxe5 Nxe5 17. Bf4 Nd3 18. Qa4+ Kf8 19. dxe6 Qd4+ 20.
Kh1 Rd8 21. Nd5 Nf2+ 22. Rxf2 Qxf2 23. Qxa7 Re8 24. Nxe7 Bf3 25. Ng6+ 1-0

[Event "Masterklassen 2025"]
[Site "Uppsala, Sweden"]
[Date "2025.06.30"]
[Round "3.12"]
[White "Mashhadi, Peyman"]
[Black "Sergelenbaatar, Khaschuluu"]
[Result "1-0"]
[TimeControl "90 min for 40 move + 30 min with an increment of 30 sec starting move 1"]
[WhiteFideId "1768581"]
[BlackFideId "4920929"]
[WhiteElo "2132"]
[BlackElo "1996"]

1. d4 d5 2. c4 e6 3. Nf3 c6 4. g3 dxc4 5. Bg2 b5 6. O-O Bb7 7. a4 Nf6 8. b3 cxb3 9. Qxb3 a6 10.
Ne5 Qxd4 11. Bb2 Qb4 12. Qc2 Qc5 13. Qd3 Qb6 14. g4 Be7 15. g5 Nfd7 16. Nxd7 Nxd7 17. Bxg7 Rg8 18. Qxh7 O-O-O 19. h4 f6 20. Nd2 fxg5 21. hxg5 Bxg5 22. Ne4 Be7 23. Bc3 Bc5 24. Rab1 a5 25. Qh2 b4 26. Rfd1 Bxf2+ 27. Nxf2 Rdf8 28.
Qh4 Qe3 29. Bd4 Qxe2 30. Re1 Qf3 31. Qh3 Qxh3 32. Nxh3 c5 33. Rb2 cxd4 34. Rxe6 Rxg2+ 35. Rxg2 Bxg2 36. Kxg2 Kc7 37. Ra6 d3 38.
Rxa5 Kc6 1-0

[Event "Masterklassen 2025"]
[Site "Uppsala, Sweden"]
[Date "2025.06.30"]
[Round "3.13"]
[White "Johansson, William"]
[Black "Eklund, Joel"]
[Result "0-1"]
[TimeControl "90 min for 40 move + 30 min with an increment of 30 sec starting move 1"]
[WhiteFideId "1744070"]
[BlackFideId "1705288"]
[WhiteElo "2026"]
[BlackElo "2194"]

1. e4 c6 2. Nf3 d5 3. d3 g6 4. exd5 cxd5 5. d4 Nc6 6. Bd3 Nf6 7. c3 Qc7 8. Bg5 h6 9. Bh4 Nh5 10.
O-O g5 11. Bg3 Nxg3 12. fxg3 Bg4 13. Qe1 Bg7 14. Qf2 O-O-O 15. b4 Qb6 16. Nbd2 e5 17. b5 Nb4 18. cxb4 e4 19. Rac1+ Kb8 20.
Be2 exf3 21. Nxf3 Rhe8 22. Rfd1 Re4 23. Rc5 Qd6 24. h3 Rde8 25. Rc2 Bh5 26. g4 Bg6 27. Bd3 Re3 28. Bxg6 fxg6 29. Rdc1 Qf4 30. Kh1 h5 31.
Rc7 Bxd4 32. gxh5 Bb6 33. Rg7 Rxf3 34. Qxf3 Qxc1+ 35. Kh2 Bg1+ 36. Kh1 Bf2+ 0-1

[Event "Masterklassen 2025"]
[Site "Uppsala, Sweden"]
[Date "2025.06.30"]
[Round "3.14"]
[White "Soppela, Toni"]
[Black "Ask, Josef"]
[Result "1-0"]
[TimeControl "90 min for 40 move + 30 min with an increment of 30 sec starting move 1"]
[BlackTitle "FM"]
[WhiteFideId "1766163"]
[BlackFideId "1704583"]
[WhiteElo "2090"]
[BlackElo "2121"]

1. d4 Nf6 2. c4 b5 3. cxb5 a6 4. e3 Bb7 5. Nf3 e6 6. Nc3 Be7 7. a3 axb5 8. Bxb5 g5 9. O-O g4 10.
Ne5 Rg8 11. Re1 h5 12. e4 c6 13. Bf1 Na6 14. Bf4 Nc7 15. b4 Ba6 16. Bxa6 Rxa6 17. Qb3 h4 18. Nd3 Nh5 19. Be3 g3 20.
fxg3 hxg3 21. h3 Bg5 22. Nc5 Ra8 23. Ne2 Rb8 24. Rac1 Rg6 25. Qd3 Bxe3+ 26. Qxe3 Qh4 27. Rf1 Ke7 28.
Nxd7 Kxd7 29. Rxf7+ Kd8 30. Rxc6 Rb7 31. d5 Rg7 32. Rf8+ Kd7 33. Qc5 Qe7 34. dxe6+ Qxe6 35. Rxe6 Nxe6 36. Qc8+ Kd6 37. Rf5 Rgc7 38. Qh8 Nhf4 39. Qe5+ Kd7 40.
Rxf4 Nxf4 41. Qxf4 Rc2 42. Qf7+ Kc8 43. Qe8+ Kc7 44. Nxg3 Kb6 45. Nf5 Rbc7 46. Ne3 Rc1+ 47. Kh2 Rc8 48.
Nd5+ Kb7 49. Qb5+ Ka7 50. a4 R8c6 51. a5 R1c2 52. Ne7 Rf6 53. Qd7+ Ka6 54. Qd3+ 1-0